 Dungeon Crawl Stone Soup version 0.19.1 (webtiles) character file.

14 Gargoyl the Skirmisher (level 2, 0/27 HPs)
             Began as a Ghoul Abyssal Knight on Dec 27, 2016.
             Was a Follower of Lugonu.
             Slain by a goblin (3 damage)
             ... on level 1 of the Dungeon.
             The game lasted 00:00:58 (274 turns).

Gargoyl the Skirmisher (Ghoul Abyssal Knight)        Turns: 274, Time: 00:00:59

Health: 0/27       AC:  4    Str: 15    XL:     2   Next: 45%
Magic:  2/2        EV: 11    Int:  7    God:    Lugonu [*.....]
Gold:   19         SH:  0    Dex:  8    Spells: 0 memorised, 1 level left

rFire  . . .     SeeInvis .     a - +1 hand axe
rCold  + . .     Gourm    .     b - +0 leather armour
rNeg   + + +     Faith    .     (no shield)
rPois  ∞         Spirit   .     d - +0 helmet
rElec  .         Reflect  .     (no cloak)
rCorr  .         Harm     .     (no gloves)
MR     .....                    (no boots)
Stlth  +.........               (no amulet)
                                (no ring)
                                (no ring)

@: rotting
A: rotting body, claws 1, carnivore 3, cold resistance 1, negative energy
resistance 3, slow regeneration 1, torment resistance, unbreathing
a: Depart the Abyss, Renounce Religion


You were on level 1 of the Dungeon.
You worshipped Lugonu.
Lugonu was aware of your devotion.
You were not hungry.

You visited 1 branch of the dungeon, and saw 1 of its levels.
You visited the Abyss 1 time.

You collected 19 gold pieces.

Inventory:

Hand Weapons
 a - a +1 hand axe (weapon)
Missiles
 f - 4 exploding tomahawks (quivered)
Armour
 b - a +0 leather armour (worn)
 d - a +0 helmet (worn)
Scrolls
 e - a scroll of amnesia {unknown}
 g - a scroll of enchant weapon {unknown}
Comestibles
 c - 3 meat rations


   Skills:
 + Level 3.7 Fighting
 + Level 1.9 Axes
 + Level 0.1 Throwing
 * Level 2.0 Armour
 + Level 1.0 Dodging
 * Level 2.0 Invocations


You had one spell level left.
You didn't know any spells.

Dungeon Overview and Level Annotations

Branches:
Dungeon (1/15)

Altars:


Innate Abilities, Weirdness & Mutations

Your body is rotting away.
You thrive on raw meat.
You are immune to poison.
You have sharp fingernails.
You are carnivorous and can eat meat at any time.
Your flesh is cold resistant. (rC+)
You are immune to negative energy. (rN+++)
You regenerate slowly when monsters are visible.
You are immune to unholy pain and torment.
You can survive without breathing.


Message History

The dart slug bites you but does no damage.
Unknown command.
You slash the dart slug!
You kill the dart slug!
Lugonu accepts your kill.
You hit the leopard gecko but do no damage.
The leopard gecko misses you. The leopard gecko bites you.
* * * LOW HITPOINT WARNING * * *
Unknown command.
You slash the leopard gecko!
You kill the leopard gecko!
Lugonu accepts your kill.
You closely miss the goblin. The goblin hits you but does no damage.
You hit the goblin.
The goblin is heavily wounded.
The goblin barely misses you.
You barely miss the goblin.
The goblin is heavily wounded.
The goblin hits you.
You die...

## #... #.. ...
.... #.. ...#
#.. . # ..##.##
# .#. #.#.. .#
... #.g#####.!#
#.# ##.@)....# #
..###.#####.## .
#.#.## ...
#.##########.###
....#
#.##...........#
....#
...............#
....#
###............#
r..##
.##............#
....
.##............#


You could see a goblin.

Vanquished Creatures
  2 dart slugs (D:1)
  A leopard gecko (D:1)
  A hobgoblin (D:1)
  3 frilled lizards (D:1)
  2 kobolds (D:1)
  3 rats (D:1)
12 creatures vanquished.

Notes
Turn   | Place    | Note
-------+----------+-------------------------------------------
     0 | Abyss:1  | Gargoyl the Ghoul Abyssal Knight began the quest for the Orb.
     0 | Abyss:1  | Reached XP level 1. HP: 19/19 MP: 1/1
   102 | Abyss:1  | Noticed a worldbinder
   105 | Abyss:1  | Noticed an insubstantial wisp
   110 | Abyss:1  | Noticed an earth elemental
   114 | Abyss:1  | Noticed a vampire mosquito
   114 | Abyss:1  | Noticed a vampire mosquito
   120 | D:1      | Escaped the Abyss
   132 | D:1      | Reached skill level 1 in Dodging
   211 | D:1      | Reached XP level 2. HP: 16/27 MP: 2/2
   263 | D:1      | Reached * piety under Lugonu
   274 | D:1      | Slain by a goblin

Skill      XL: |  1  2 |
---------------+-------+-----
Dodging        | 1 |  1.0
Armour         | 2 |  2.0
Fighting       | |  3.7
Axes           | |  1.9
Throwing       | |  0.1
Invocations    | |  2.0

Action                   || total
-------------------------++-------
Melee: Hand axe          ||    27
Throw: Tomahawk          ||     2
Invok: Depart the Abyss  ||     1
  Eat: Chunk             ||     3
Armor: Leather armour    ||     8
Dodge: Dodged            ||    15
